AoeStats
← M1nerUA

Highland

503825601Analyzed
4v4 RM · 29d ago on Sep 2, 2026· 83m 5s· 8 players
Game mode
Random Map
Map size
Large (8 player)
Population
200
Speed
Normal
Resources
Standard
Victory
Conquest
Starting age
Dark Age
Ending age
Imperial Age
RankedLock teamsTeams togetherTeam positionsShared explorationLock speedFull tech treeHidden civsTurbo modeCheats
Victory
Defeat
🇺🇸 Portuguese · United States
648
+11
🇷🇸 Huns · Serbia
584
+14
🇧🇷 Saracens · Brazil
565
+14
🇨🇳 Celts · China
493
+18
🇵🇱 Georgians · Poland
581
-20
🇬🇧 Goths · United Kingdom
545
-15
🇲🇽 Teutons · Mexico
518
-14
🇲🇽 Bohemians · Mexico
476
-12
M1nerUA
13:29 Loom
15:18 Feudal Age
17:13 Wheelbarrow
16:25 Horse Collar
17:28 Man-at-Arms
LL KID CASH LL
0:31 Loom
14:35 Feudal Age
16:06 Double-Bit Axe
16:08 Town Watch
17:00 Wheelbarrow
16:19 Horse Collar
21:55 Gold Mining
21:57 Stone Mining
22:31 Man-at-Arms
35:25 Castle Age
35:19 Fletching
35:40 Forging
35:31 Scale Mail Armor
37:25 Caravan
37:57 Coinage
37:41 Bow Saw
37:34 Heavy Plow
38:30 Stone Shaft Mining
42:09 Herbal Medicine
42:28 Fervor
42:52 Squires
43:50 Hand Cart
44:29 Pikeman
45:26 Murder Holes
46:31 Town Patrol
46:37 Heated Shot
48:17 Ballistics
50:25 Iron Casting
50:14 Chain Mail Armor
53:07 Imperial Age
53:37 Husbandry
54:53 Two-Man Saw
54:13 Bloodlines
54:40 Crop Rotation
53:37 Light Cavalry
54:44 Guilds
55:05 Banking
54:49 Perfusion
55:35 Scale Barding Armor
56:00 Halberdier
58:37 Sappers
60:31 Blast Furnace
59:41 Long Swordsman
chuchorex123
0:27 Loom
0:30 Loom
14:59 Feudal Age
18:49 Horse Collar
20:45 Double-Bit Axe
22:03 Wheelbarrow
21:17 Town Watch
23:55 Castle Age
25:52 Town Patrol
26:34 Heavy Plow
26:11 Pikeman
28:48 Bow Saw
30:15 Fervor
33:26 Imperial Age
33:43 Chemistry
33:05 Ballistics
34:20 Halberdier
38:15 Wagenburg Tactics
39:15 Forging
39:05 Scale Mail Armor
39:40 Elite Cannon Galleon
40:04 Houfnice
45:39 Sanctity
47:21 Two-Man Saw
47:12 Iron Casting
46:54 Chain Mail Armor
47:29 Fortified Wall
47:10 Guard Tower
blader236
2:03 Loom
13:24 Feudal Age
14:55 Wheelbarrow
15:52 Double-Bit Axe
17:17 Horse Collar
21:46 Castle Age
20:15 Gold Mining
21:14 Stone Mining
25:06 Bow Saw
27:03 Stone Shaft Mining
33:08 Imperial Age
33:15 Imperial Age
31:05 Hand Cart
33:06 Heavy Plow
34:05 Coinage
36:38 Town Watch
37:09 Guilds
37:29 Banking
37:00 Caravan
39:07 Town Patrol
39:35 Ballistics
40:16 Chemistry
39:30 Forging
39:25 Scale Barding Armor
41:40 Pikeman
42:20 Squires
41:41 Man-at-Arms
42:07 Arson
43:00 Hoardings
42:46 Ironclad
42:47 Conscription
43:24 Iron Casting
42:40 Fletching
42:50 Padded Archer Armor
42:51 Scale Mail Armor
43:10 Scale Mail Armor
43:15 Scale Barding Armor
44:10 Crop Rotation
45:03 Two-Man Saw
45:48 Scale Barding Armor
45:59 Leather Archer Armor
46:44 Blast Furnace
46:02 Fortified Wall
45:43 Guard Tower
45:43 Cavalier
46:33 Bloodlines
47:59 Chain Mail Armor
48:05 Chain Barding Armor
48:15 Ring Archer Armor
47:40 Bodkin Arrow
47:11 Elite Skirmisher
47:15 Crossbowman
47:49 Long Swordsman
48:15 Gambesons
50:34 Paladin
50:39 Halberdier
50:40 Two-Handed Swordsman
53:17 Bodkin Arrow
60:35 Bombard Tower
Душан Силни
0:37 Loom
13:46 Feudal Age
14:27 Double-Bit Axe
14:27 Horse Collar
19:05 Gold Mining
19:06 Stone Mining
24:52 Castle Age
26:03 Bow Saw
26:11 Heavy Plow
26:50 Wheelbarrow
26:01 Town Watch
28:52 Forging
28:48 Scale Barding Armor
28:44 Scale Mail Armor
28:45 Padded Archer Armor
31:23 Hand Cart
31:09 Town Patrol
35:49 Imperial Age
34:19 Caravan
34:50 Coinage
34:58 Iron Casting
34:43 Chain Barding Armor
34:39 Chain Mail Armor
36:48 Gold Shaft Mining
36:35 Leather Archer Armor
38:40 Two-Man Saw
38:29 Conscription
38:04 Cavalier
40:12 Masonry
42:57 Plate Barding Armor
43:24 Blast Furnace
42:43 Guilds
43:08 Banking
43:51 Paladin
44:34 Husbandry
44:45 Bloodlines
43:55 Light Cavalry
44:42 Murder Holes
45:59 Chemistry
79:09 Sappers
79:40 Marauders
80:17 Atheism
79:19 Elite Tarkan
79:23 Spies/Treason
Perones
0:29 Loom
12:05 Feudal Age
13:25 Wheelbarrow
12:33 Horse Collar
12:42 Double-Bit Axe
20:25 Castle Age
21:38 Hand Cart
21:15 Stone Mining
21:15 Gold Mining
21:29 Heavy Plow
27:57 Scale Barding Armor
28:02 Forging
29:07 Husbandry
29:19 Bloodlines
28:48 Pikeman
29:14 Gambesons
31:47 Chain Barding Armor
32:04 Iron Casting
33:58 Bow Saw
33:52 Town Watch
34:01 Fletching
34:45 Caravan
35:46 Light Cavalry
36:29 Squires
35:52 Crossbowman
36:40 Thumb Ring
37:58 Fortified Wall
38:10 Ballistics
37:47 Murder Holes
38:26 Masonry
45:25 Imperial Age
44:21 Guard Tower
44:28 Bodkin Arrow
44:35 Scale Mail Armor
59:30 Plate Barding Armor
59:10 Chain Mail Armor
59:56 Blast Furnace
58:56 Bracer
58:56 Padded Archer Armor
60:07 Conscription
59:09 Elite Mameluke
62:22 Chemistry
61:54 Plate Mail Armor
63:45 Man-at-Arms
64:48 Leather Archer Armor
64:17 Arbalester
65:35 Parthian Tactics
67:05 Ring Archer Armor
69:51 Heavy Cavalry Archer
75:46 Capped Ram
76:50 Siege Ram
78:35 Spies/Treason
John Cena
0:32 Loom
18:35 Feudal Age
22:33 Castle Age
38:32 Guard Tower
41:52 Imperial Age
42:00 Imperial Age
40:54 Double-Bit Axe
41:04 Gold Mining
41:05 Stone Mining
41:07 Horse Collar
42:02 Fortified Wall
41:48 Murder Holes
43:54 Chemistry
43:25 Husbandry
43:42 Forging
44:35 Wheelbarrow
43:46 Town Watch
45:19 Iron Casting
44:45 Scale Mail Armor
45:09 Bombard Tower
45:59 Hand Cart
46:05 Masonry
45:37 Treadmill Crane
46:48 Town Patrol
47:28 Stone Shaft Mining
46:56 Heavy Plow
47:10 Bow Saw
47:08 Caravan
47:44 Coinage
48:01 Guilds
49:02 Two-Man Saw
48:38 Crop Rotation
48:40 Ballistics
50:43 Blast Furnace
49:59 Chain Mail Armor
49:50 Scale Barding Armor
49:46 Padded Archer Armor
51:33 Cavalier
52:23 Bloodlines
51:34 Light Cavalry
51:36 Capped Ram
52:22 Circumnavigation
51:52 Sappers
53:29 Keep
53:01 Siege Engineers
53:27 Architecture
52:48 Heated Shot
54:22 Conscription
54:36 Banking
55:22 Crossbowman
55:22 Elite Skirmisher
56:07 Thumb Ring
55:28 Man-at-Arms
55:29 Pikeman
55:54 Arson
57:01 Elite Organ Gun
57:48 Arquebus
57:50 Fletching
58:22 Bodkin Arrow
58:42 Leather Archer Armor
59:12 Plate Mail Armor
58:57 Leather Archer Armor
59:04 Chain Barding Armor
58:57 Siphons
59:03 Clinker Construction
59:04 Careening
58:59 Bracer
60:31 Carvel Hull
61:44 Ring Archer Armor
61:46 Dry Dock
60:52 Long Swordsman
61:18 Gambesons
61:07 Onager
62:39 Plate Barding Armor
61:38 Two-Handed Swordsman
62:40 Arbalester
62:44 Champion
62:58 Halberdier
75:59 Spies/Treason
おに惨
0:49 Loom
27:02 Feudal Age
32:33 Stone Mining
32:34 Gold Mining
33:21 Wheelbarrow
32:31 Town Watch
32:31 Horse Collar
32:41 Double-Bit Axe
36:37 Castle Age
38:50 Hand Cart
38:36 Town Patrol
38:50 Bow Saw
38:43 Heavy Plow
39:23 Stone Shaft Mining
39:24 Gold Shaft Mining
39:07 Caravan
39:37 Coinage
43:15 Imperial Age
41:12 Ballistics
40:48 Murder Holes
40:59 Stronghold
43:15 Fletching
43:22 Onager
44:41 Banking
44:21 Guilds
45:15 Chemistry
44:31 Furor Celtica
44:59 Hoardings
44:45 Conscription
44:37 Siege Onager
48:49 Bodkin Arrow
Connection lost

Rejoining the realm…

Still unreachable

The connection could not be restored.

Session expired

The server has moved on; the page needs a fresh start.